 Dungeon Crawl Stone Soup version 0.19-a0-376-gf780d9b (webtiles) character file.

157 epen the Gusty (level 5, -5/29 HPs)
             Began as a Deep Elf Air Elementalist on May 30, 2016.
             Killed from afar by an orc wizard (9 damage)
             ... with a magic dart
             ... on level 3 of the Dungeon.
             The game lasted 00:04:47 (2852 turns).

epen the Gusty (Deep Elf Air Elementalist)          Turns: 2852, Time: 00:04:47

Health: -5/29      AC:  3    Str:  5    XL:     5   Next: 15%
Magic:  4/12       EV: 13    Int: 21    God:
Gold:   180        SH:  0    Dex: 15    Spells: 4 memorised, 0 levels left

rFire  . . .     SeeInvis .     l - +0 dagger
rCold  + . .     Gourm    .     a - +0 robe
rNeg   . . .     Faith    +     (no shield)
rPois  .         Spirit   .     (no helmet)
rElec  .         Dismiss  .     (no cloak)
rCorr  .         Reflect  .     (no gloves)
SustAt .         Harm     .     s - +0 pair of boots
MR     .....                    f - amulet of faith
Stlth  ++........               (no ring)
                                i - ring of protection from cold

@: very slightly contaminated, repel missiles, not resistant to hostile
enchantments, unstealthy
A: no striking features
a: no special abilities


You were on level 3 of the Dungeon.
You were not hungry.

You visited 1 branch of the dungeon, and saw 3 of its levels.

You collected 180 gold pieces.

Inventory:

Hand Weapons
 l - a +0 dagger (weapon)
Armour
 a - a +0 robe (worn)
 s - a +0 pair of boots (worn)
Jewellery
 f - an amulet of faith (around neck)
 i - a ring of protection from cold (left hand)
Wands
 y - a wand of iceblast (6/15)
Scrolls
 e - 3 scrolls of fear {unknown}
 h - a scroll of recharging {unknown}
 k - a scroll of random uselessness {unknown}
 t - a scroll of enchant armour {unknown}
 u - a scroll of identify {unknown}
 x - a scroll of blinking {unknown}
Potions
 g - 2 potions of berserk rage {unknown}
 j - a potion of magic {unknown}
 m - a potion of degeneration {unknown}
 n - a potion of curing {unknown}
 o - a potion of invisibility {unknown}
 p - a potion of brilliance {unknown}
 q - a potion of flight {unknown}
 r - a potion of lignification {unknown}
Books
 b - a book of Air

   Spells                             Type                      Level
   a - Shock                          Conjuration/Air              1
   b - Swiftness                      Charms/Air                   2
   c - Repel Missiles                 Charms/Air                   2
   d - Static Discharge               Conjuration/Air              3
   e - Lightning Bolt                 Conjuration/Air              5
Comestibles
 c - 2 bread rations
 d - 2 meat rations
 w - 3 fruits


   Skills:
 + Level 1.1 Fighting
 + Level 3.0 Dodging
 - Level 2.4 Stealth
 + Level 3.6 Spellcasting
 * Level 3.4 Conjurations
 * Level 4.0 Air Magic


You couldn't memorise any spells.
You knew the following spells:

 Your Spells              Type           Power        Failure   Level  Hunger
a - Shock                 Conj/Air       ###.         2%          1    None
b - Repel Missiles        Chrm/Air       ##....       12%         2    ##.....
c - Static Discharge      Conj/Air       ###.....     10%         3    ###....
d - Lightning Bolt        Conj/Air       ###.......   78%         5    ######.


Dungeon Overview and Level Annotations

Branches:
Dungeon (3/15)

Altars:
Dithmenos
Okawaru


Message History

Casting: Shock
Confirm with . or Enter, or press ? or * to list all spells.
Aiming: Shock
Press: ? - help, Shift-Dir - straight line, f/p - orc wizard
Aim: an orc wizard, wielding a dagger and wearing a robe (heavily wounded)
The zap hits the orc wizard.
The orc wizard is severely wounded.
The zap misses the orc.
The zap misses the orc wizard.
The orc wizard points at you and mumbles some strange words.
The magic dart hits you!
The orc wizard gestures wildly while chanting.
The orc wizard seems to speed up.
The orc wizard gestures at you while chanting.
The magic dart hits you!
The orc wizard points at you and mumbles some strange words.
The magic dart hits you!
* * * LOW HITPOINT WARNING * * *
The orc wizard casts a spell at you. The magic dart hits you!
You die...

#o# #o# #.# ######
#.# #....# #.#
#....##### #.#
#........# #.#
#........# #.#
#........# #@#
####.....# #.#
######.....#####.#
.................#
######.....#######
#.#
######...........#
#.#
....######.#####.#
#.#
....######.#####.#
#.#
..............##.#
#.#


You could see an orc wizard.

Vanquished Creatures
  An orc priest (D:3)
  Jessica (D:3)
  3 adders
  An ooze (D:2)
  5 worms
  2 dart slugs
  A giant gecko (D:2)
  5 orcs (D:3)
  9 hobgoblins
  A quokka (D:2)
  A ball python (D:2)
  3 bats
  4 giant newts
  8 goblins
  4 kobolds
  4 rats
53 creatures vanquished.

Vanquished Creatures (others)
  A giant gecko (D:1)
  A goblin (D:1)
2 creatures vanquished.

Grand Total: 55 creatures vanquished

Notes
Turn   | Place    | Note
--------------------------------------------------------------
     0 | D:1      | epen the Deep Elf Air Elementalist began the quest for the Orb.
     0 | D:1      | Reached XP level 1. HP: 10/10 MP: 6/6
   495 | D:1      | Reached XP level 2. HP: 16/16 MP: 5/8
   756 | D:2      | Learned a level 2 spell: Repel Missiles
   915 | D:2      | Reached XP level 3. HP: 20/20 MP: 4/9
   920 | D:2      | Learned a level 3 spell: Static Discharge
  1710 | D:2      | Found a shadowy altar of Dithmenos.
  1894 | D:3      | Reached skill level 1 in Fighting
  1944 | D:3      | Reached XP level 4. HP: 25/25 MP: 2/11
  2100 | D:3      | Found an iron altar of Okawaru.
  2201 | D:3      | Noticed Jessica
  2206 | D:3      | Killed Jessica
  2224 | D:3      | Reached skill level 4 in Air Magic
  2510 | D:3      | Reached XP level 5. HP: 20/29 MP: 0/12
  2631 | D:3      | Learned a level 5 spell: Lightning Bolt
  2852 | D:3      | Killed from afar by an orc wizard

Vault maps used:
D:1:      erik_arrival_blinker_ship, lemuel_old_faithful
D:2:      lemuel_round_altar, first_bread
D:3:      okawaru_gym_becter, uniq_jessica

Skill      XL: |  1  2  3  4 |
---------------+-------------+-----
Conjurations   | 2 3 |  3.4
Fighting       | 1 |  1.1
Air Magic      | 4 |  4.0
Dodging        | 3 |  3.0
Stealth        | |  2.4
Spellcasting   | |  3.6

Action                   |  1- 3 |  4- 6 || total
-------------------------+-------+-------++-------
Melee: Dagger            |       |     4 ||     4
 Cast: Shock             |    75 |    49 ||   124
       Repel Missiles    |     1 |       ||     1
       Static Discharge  |     1 |     5 ||     6
  Eat: Chunk             |     3 |     3 ||     6
Dodge: Dodged            |     4 |     3 ||     7
